 Dungeon Crawl Stone Soup version 0.27.1 (webtiles) character file.

Game seed: 5510566122695930366

151 Snarg the Skirmisher (level 5, 0/41 HPs)
             Began as a Djinni Wanderer on Aug 22, 2021.
             Slain by Ijyb (16 damage)
             ... on level 3 of the Dungeon.
             The game lasted 00:10:58 (3657 turns).

Snarg the Skirmisher (Djinni Wanderer)              Turns: 3657, Time: 00:10:59

Health: 0/41       AC:  3    Str: 11    XL:     5   Next: 59%
Gold:   63         EV: 11    Int: 15    God:
                   SH:  4    Dex: 12

rFire    + + .     SeeInvis .   a - +2 hand axe (protect)
rCold    x . .     Faith    .   b - +0 buckler
rNeg     . . .     Spirit   .   r - +0 leather armour
rPois    ∞         Reflect  .   (no helmet)
rElec    .         Harm     .   (no cloak)
rCorr    .         Rampage  .   (no gloves)
Will     .....                  (boots unavailable)
Stlth    ++........             (no amulet)
HPRegen  0.13/turn              (no ring)
MPRegen  0.00/turn              (no ring)

@: flying
A: sickness immunity, fire resistance 2, cold vulnerability 1, float, innate
caster, hp casting, extra vitality 1
a: no special abilities


You were on level 3 of the Dungeon.
You visited 1 branch of the dungeon, and saw 3 of its levels.

You collected 63 gold pieces.

Inventory:

Hand Weapons
 a - a +2 hand axe of protection (weapon)
 h - a +0 dagger
 m - a +1 war axe of flaming
 o - a +2 short sword of holy wrath
Armour
 b - a +0 buckler (worn)
 c - a +0 robe
 r - a +0 leather armour (worn)
Scrolls
 e - a scroll of noise {unknown}
 f - a scroll of enchant armour {unknown}
 k - a scroll of teleportation
Potions
 d - a potion of invisibility
 g - a potion of flight {unknown}
 i - a potion of berserk rage {unknown}
 j - a potion of heal wounds {unknown}
 n - a potion of lignification
 q - a potion of might {unknown}
 s - a potion of haste {unknown}


   Skills:
 + Level 3.8 Fighting
 - Level 2.0 Axes
 + Level 0.1 Armour
 + Level 1.7 Dodging
 + Level 1.9 Stealth
 + Level 1.6 Shields
 - Level 3.0 Spellcasting
 + Level 1.0 Evocations


You had 3 spell levels left.
You knew the following spells:

 Your Spells              Type           Power      Damage    Failure   Level
a - Spider Form           Tmut/Pois      5%         N/A       30%         3
b - Sting                 Tmut/Pois      44%        1d5       11%         1
c - Freeze                Ice            44%        1d6       11%         1
d - Slow                  Hex            11%        N/A       16%         2

Your spell library contained the following spells:

 Spells                   Type           Power      Damage    Failure   Level


Dungeon Overview and Level Annotations

Branches:
Dungeon (3/15)

Altars:

Annotations:
D:2 clr
D:3 Ijyb


Innate Abilities, Weirdness & Mutations

You are immune to sickness and miasma.
You are immune to poison.
Your flesh is very heat resistant. (rF++)
You are vulnerable to cold. (rC-)
You float through the air rather than walking.
You learn spells naturally, not from books.
Your magical power is your life essence.
You have superior vitality. (+4 HP)


Message History

Found a faded altar of an unknown god.
You see here a rat skeleton.
There is a stone staircase leading up here.
Ijyb the Twisted Goblin comes into view.
She is wielding a +0 dagger of electrocution and carrying a wand of iceblast (7).
Ijyb shouts!
You can't see any susceptible monsters within range! (Use Z to cast anyway.)
You start waiting.
Ijyb is nearby!
Aiming: Sting (safe; 11% risk of failure)
Press: ? - help, Q - select action, (/) - cycle Shift-Dir - straight line, f - Ijyb
Aim: Ijyb, wielding a +0 dagger of electrocution, wearing a +0 leather armour and carrying a wand of iceblast (7) (64% to hit)
The sting hits Ijyb.
Ijyb is poisoned.
Ijyb is lightly wounded.
The sting hits Ijyb but does no damage.
Ijyb looks even sicker.
Ijyb is lightly wounded.
Ijyb closely misses you.
You hit Ijyb.
Your weapon exudes an aura of protection.
Ijyb is moderately wounded.
Ijyb hits you but does no damage.
You barely miss Ijyb.
Ijyb is heavily wounded.
Ijyb closely misses you.
You barely miss Ijyb.
Ijyb is heavily wounded.
Ijyb hits you with a +0 dagger of electrocution.
You are electrocuted!
The sting misses Ijyb.
Ijyb misses you.
The sting hits Ijyb.
Ijyb looks even sicker.
Ijyb is severely wounded.
Ijyb hits you but does no damage.
The sting hits Ijyb but does no damage.
Ijyb looks even sicker.
Ijyb is severely wounded.
Ijyb barely misses you.
You are too injured to fight recklessly!
You barely miss Ijyb.
Ijyb is severely wounded.
Ijyb hits you with a +0 dagger of electrocution.
You are electrocuted!
You die...

.....# #........##
#...... ###<###..###
#.#...# #####.###..#.##
#.....
#.............#### ...#
#.#####.#.........
.....##.#####.#.......##
...........##.##.....##
....###.##.##.###...##
.. #@g.....# ##.##
####.#### ### #.......#
#..####.# #.g# #... #.##
#. #.


You could see Ijyb (very poisoned).

Vanquished Creatures
  Terence (D:2)
  Natasha (twice) (D:2)
  2 adders
  A worm (D:2)
  A dart slug (D:1)
  An orc (D:3)
  8 ball pythons
  5 bats
  3 endoplasms
  A giant cockroach (D:1)
  5 goblins
  3 hobgoblins
  4 jackals (D:1)
  2 kobolds (D:2)
  2 quokkas (D:1)
  4 frilled lizards
  5 rats
50 creatures vanquished.

Vanquished Creatures (others)
  A fungus (D:3)
  3 plants (D:2)
4 creatures vanquished.

Grand Total: 54 creatures vanquished

Notes
Turn   | Place    | Note
-------+----------+-------------------------------------------
     0 | D:1      | Snarg the Djinni Wanderer began the quest for the Orb.
     0 | D:1      | Reached XP level 1. HP: 20/20 MP: 0/0
   118 | D:1      | Reached XP level 2. HP: 21/25 MP: 0/0
   739 | D:1      | Reached XP level 3. HP: 28/30 MP: 0/0
   739 | D:1      | Learned a level 1 spell: Freeze
  1509 | D:2      | Reached XP level 4. HP: 23/35 MP: 0/0
  1780 | D:2      | Reached skill level 1 in Stealth
  1876 | D:2      | Noticed Terence
  1901 | D:2      | Killed Terence
  2614 | D:3      | Noticed Natasha
  2634 | D:2      | Killed Natasha
  2635 | D:2      | Reached skill level 1 in Dodging
  2635 | D:2      | Reached XP level 5. HP: 14/41 MP: 0/0
  2635 | D:2      | Learned a level 2 spell: Slow
  2641 | D:2      | Noticed Natasha
  3209 | D:2      | Killed Natasha
  3618 | D:3      | Found a faded altar of an unknown god.
  3642 | D:3      | Noticed Ijyb
  3657 | D:3      | Slain by Ijyb

Illustrated notes

Levels and vault maps discovered:
D:1:      minmay_arrival_wavy_path, layout_basic
D:2:      layout_loops_cross, serial_forest, infiniplex_forest_clump_double,
          infiniplex_forest_end_3, infiniplex_forest_end_3,
          infiniplex_forest_3_way, infiniplex_forest_diagonal,
          infiniplex_forest_end_3, grunt_ministairs_14, minmay_misc_feat_chi,
          uniq_terence
D:3:      minmay_roachtagon, layout_loops_cross,
          shapermc_ecumenical_altar_acropolis, uniq_ijyb, uniq_natasha

Skill      XL: |  1  2  3  4 |
---------------+-------------+-----
Axes           | 2 |  2.0
Spellcasting   | 3 |  3.0
Stealth        | 1 |  1.9
Dodging        | 1 |  1.7
Fighting       | |  3.8
Armour         | |  0.1
Shields        | |  1.6
Evocations     | |  1.0

Action                   |  1- 3 |  4- 6 || total
-------------------------+-------+-------++-------
Melee: Hand axe          |    48 |    41 ||    89
 Cast: Sting             |    25 |    27 ||    52
  Use: Scroll            |       |     5 ||     5
 Stab: Sleeping          |     3 |       ||     3
Armor: Robe              |     9 |    13 ||    22
       Leather armour    |       |     4 ||     4
Dodge: Dodged            |    22 |    21 ||    43
Block: Buckler           |     6 |    15 ||    21
